AoeStats
← Joey-Noob-NL

Nomad

508710649Analyzed
3v3 RM · 7d ago on Sep 23, 2026· 52m 12s· 6 players
Game mode
Random Map
Map size
210×210
Population
200
Speed
Normal
Resources
Standard
Victory
Conquest
Starting age
Dark Age
Ending age
Imperial Age
RankedLock teamsTeams togetherTeam positionsShared explorationLock speedFull tech treeHidden civsTurbo modeCheats
Victory
Defeat
🇪🇸 Celts · Spain
1422
+16
🇪🇸 Slavs · Spain
1399
+17
🇪🇸 Khmer · Spain
1376
+18
🇧🇪 Sicilians · Belgium
1537
-21
🇳🇱 Muisca · Netherlands
1386
-16
🇧🇪 Tupi · Belgium
1355
-14
elgrantato
4:49 Loom
13:30 Feudal Age
17:09 Castle Age
16:22 Double-Bit Axe
18:00 Bow Saw
17:48 Fishing Lines
18:42 Horse Collar
21:53 Heavy Plow
24:17 Scale Barding Armor
29:02 Devotion
30:12 Forging
32:38 Gold Mining
34:26 Wheelbarrow
33:37 Town Watch
34:14 Chain Barding Armor
34:30 Iron Casting
34:19 Bloodlines
34:10 Husbandry
35:52 Stone Mining
36:39 Gold Shaft Mining
39:58 Imperial Age
38:40 Iron Casting
38:32 Detinets
40:46 Squires
41:00 Pikeman
41:01 Man-at-Arms
41:19 Elite Boyar
42:54 Crop Rotation
42:25 Fletching
43:23 Conscription
44:04 Hoardings
44:49 Plate Barding Armor
45:15 Blast Furnace
44:59 Hand Cart
44:45 Town Patrol
45:27 Druzhina
44:50 Long Swordsman
45:34 Scale Mail Armor
46:33 Bodkin Arrow
46:08 Two-Handed Swordsman
47:05 Champion
49:02 Chemistry
48:07 Siege Engineers
48:13 Masonry
48:29 Ballistics
48:40 Halberdier
49:48 Chain Mail Armor
51:05 Coinage
52:15 Plate Mail Armor
53:26 Two-Man Saw
[Kachop] Baryuan
4:49 Loom
13:35 Feudal Age
15:58 Double-Bit Axe
24:30 Castle Age
23:15 Gold Mining
23:08 Horse Collar
25:43 Medium Warships
26:51 Stone Mining
30:27 Wheelbarrow
33:06 Imperial Age
33:28 Scale Mail Armor
33:38 Forging
33:21 Gambesons
33:21 Arson
32:57 Man-at-Arms
33:35 Stronghold
34:28 Heavy Plow
35:37 Conscription
38:00 Chain Mail Armor
38:20 Iron Casting
37:30 Long Swordsman
38:28 Pikeman
39:32 Halberdier
42:31 Plate Mail Armor
42:31 Bow Saw
50:32 Gold Shaft Mining
50:08 Elite Woad Raider
52:56 Blast Furnace
[Kachop]Indi_monsterr
4:40 Loom
13:17 Feudal Age
18:00 Castle Age
18:24 Double-Bit Axe
20:10 Scale Barding Armor
20:15 Forging
22:26 Bow Saw
23:59 Chain Barding Armor
24:35 Bloodlines
24:26 Husbandry
27:34 Wheelbarrow
26:43 Horse Collar
27:04 Fishing Lines
28:16 Town Watch
32:02 Iron Casting
37:18 Imperial Age
36:48 Fletching
38:04 Cavalier
38:38 Gold Mining
41:49 Hand Cart
41:24 Elite Battle Elephant
42:45 Elite Battle Elephant
46:26 Plate Barding Armor
46:51 Blast Furnace
45:47 Bodkin Arrow
47:08 Town Patrol
flem.Dieterkiller
4:55 Loom
14:11 Feudal Age
17:45 Castle Age
16:33 Double-Bit Axe
22:09 Medium Warships
22:43 Horse Collar
24:08 Bow Saw
29:19 Heavy Plow
35:03 Imperial Age
32:40 Scale Barding Armor
32:46 Forging
33:47 Chain Barding Armor
33:45 Bloodlines
33:59 Husbandry
36:04 Iron Casting
35:16 Cavalier
37:08 Plate Barding Armor
39:23 Wheelbarrow
41:26 Scale Mail Armor
41:44 Squires
41:05 Pikeman
41:31 Arson
42:16 Fletching
42:42 Chain Mail Armor
44:02 Blast Furnace
42:26 Halberdier
44:27 Plate Mail Armor
45:54 Gambesons
50:08 Conscription
49:56 Gold Mining
51:01 Bodkin Arrow
51:47 Bracer
Palmari
5:17 Loom
14:09 Feudal Age
17:51 Castle Age
15:44 Fishing Lines
16:36 Double-Bit Axe
16:44 Gold Mining
16:49 Fletching
16:59 Padded Archer Armor
17:23 Horse Collar
19:22 Medium Warships
19:59 Bow Saw
20:32 Gold Shaft Mining
21:17 Wheelbarrow
21:17 Stone Mining
21:19 Gillnets
24:39 Forging
26:08 Scale Mail Armor
26:28 Pikeman
27:09 Squires
26:54 Arson
26:35 Crossbowman
29:09 Chain Mail Armor
32:08 Horse Collar
33:08 Iron Casting
36:26 Imperial Age
34:29 Heavy Plow
37:54 Heavy Warships
38:34 Conscription
38:20 Halberdier
38:25 Arbalester
40:10 Plate Mail Armor
39:55 Leather Archer Armor
39:35 Bodkin Arrow
40:07 Hand Cart
39:38 Town Watch
48:04 Two-Man Saw
48:58 Hoardings
51:25 Bracer
51:56 Ring Archer Armor
Joey-Noob-NL
5:25 Loom
5:54 Loom
13:34 Feudal Age
14:27 Double-Bit Axe
16:10 Town Watch
15:58 Champi Runner
16:46 Scale Mail Armor
17:05 Forging
17:09 Fishing Lines
18:35 Horse Collar
20:02 Fletching
26:22 Fishing Lines
29:04 Wheelbarrow
31:29 Castle Age
31:58 Pikeman
32:40 Squires
33:08 Hand Cart
37:26 Chain Mail Armor
37:51 Bow Saw
41:07 Heavy Plow
50:29 Imperial Age
50:11 Iron Casting
Connection lost

Rejoining the realm…

Still unreachable

The connection could not be restored.

Session expired

The server has moved on; the page needs a fresh start.